 Dungeon Crawl Stone Soup version 0.29.1-15-g9cfb28693d (webtiles) character file.

Game seed: 3958543660511748281

2631 hawla the Cruncher (level 10, -1/73 HPs)
             Began as a Meteoran Ice Elementalist on Apr 13, 2023.
             Was a Believer of Vehumet.
             Slain by a gnoll
             ... wielding a +0 spear
             ... led by a gnoll bouda
              (8 damage)
             ... on level 8 of the Dungeon.
             The game lasted 00:11:56 (2161 turns).

hawla the Cruncher (Meteoran Ice Elementalist)      Turns: 2161, Time: 00:11:56

Health: -1/73      AC:  5    Str: 11    XL:     10   Next: 14%
Magic:  0/18       EV: 13    Int: 21    God:    Vehumet [**....]
Gold:   209        SH:  0    Dex: 14    Spells: 10/18 levels left

rFire   . . .      SeeInvis .   f - +3 spear (venom)
rCold   . . .      Faith    .   (no shield)
rNeg    . . .      Spirit   .   a - +0 robe
rPois   .          Reflect  .   (no helmet)
rElec   .          Harm     .   d - +1 cloak
rCorr   .          Rampage  .   n - +0 pair of gloves
Will    +....                   (no boots)
Stlth   +.........              (no amulet)
HPRegen 0.22/turn               g - ring of wizardry
MPRegen 0.16/turn               j - ring of flight

@: freezing walls, flying, glowing
A: sense surroundings 2, otherworldly, glowing, explore regen
a: Renounce Religion


You were on level 8 of the Dungeon.
You worshipped Vehumet.
Vehumet was pleased with you.
You visited 2 branches of the dungeon, and saw 10 of its levels.

You collected 209 gold pieces.

Inventory:

Hand Weapons
 e - a +0 quarterstaff
 f - a +3 spear of venom (weapon)
Armour
 a - a +0 robe (worn)
 d - a +1 cloak (worn)
 n - a +0 pair of gloves (worn)
Jewellery
 g - a ring of wizardry (left hand)
 j - a ring of flight (right hand)
Wands
 c - a wand of quicksilver (10) (quivered)
Scrolls
 o - a scroll of poison
Potions
 b - 2 potions of might


   Skills:
 - Level 2.0 Fighting
 - Level 3.1(7.8) Polearms
 + Level 11.1(11.3) Staves
 - Level 3.3 Dodging
 - Level 1.4 Stealth
 - Level 4.9 Spellcasting
 - Level 5.7 Conjurations
 - Level 5.9 Ice Magic
 - Level 3.0 Evocations


You had 10 spell levels left.
You knew the following spells:

 Your Spells              Type           Power      Damage    Failure   Level
a - Freeze                Ice            100%       1d11      1%          1
b - Frozen Ramparts       Ice            60%        1d10      1%          3
c - Hailstorm             Conj/Ice       29%        3d8       4%          4

Your spell library contained the following spells:

 Spells                   Type           Power      Damage    Failure   Level
 Shock                    Conj/Air       68%        1d7       1%          1
 Ozocubu's Armour         Ice            30%        N/A       1%          3
 Beastly Appendage        Tmut           10%        N/A       4%          1
 Wereblood                Tmut           5%         N/A       7%          2
 Gell's Gravitas          Tloc           5%         N/A       13%         3
 Lesser Beckoning         Tloc           5%         N/A       13%         3
 Spider Form              Tmut/Pois      5%         N/A       13%         3
 Teleport Other           Tloc           5%         N/A       13%         3
 Fireball                 Conj/Fire      8%         3d6       34%         5
 Starburst                Conj/Fire      8%         6d4       87%         6
 Ignition                 Fire           2%         3d3       100%        8


Dungeon Overview and Level Annotations

Branches:
Dungeon (9/15) Zot: 3466   Temple (1/1) D:4 Zot: 368
   Lair: D:8-11         Orc: D:9-12

Altars:
Ashenzari
Cheibriados
Dithmenos
Elyvilon
Fedhas
Gozag
Hepliaklqana
Kikubaaqudgha
Okawaru
Qazlal
Ru
Sif Muna
Trog
Uskayaw
Vehumet
Wu Jian
Xom
Yredelemnul
Zin
The Shining One

Shops:
D:1 =


Innate Abilities, Weirdness & Mutations

You passively map the area around you.
You are easily found by Zot.
You glow in the dark.
You regain HP and MP as you explore.


Message History

You freeze the yak!
You kill the yak!
Vehumet accepts your kill.
The wall freezes the yak!
The yak gores you but does no damage.
The wall freezes the yak!
The wall freezes the gnoll.
The gnoll hits you from afar with a +0 spear.
Casting: Freeze (safe; 1% risk of failure)
Confirm with . or Enter, or press ? or * to list all spells.
Aiming: Freeze (safe; 1% risk of failure)
Press: ? - help, Shift-Dir - straight line, f - yak
Aim: a yak (severely wounded)
You freeze the yak.
The yak is almost dead.
The wall freezes the yak but does no damage.
The yak gores you!
The wall freezes the yak!
You kill the yak!
Vehumet accepts your kill.
The wall freezes the yak but does no damage.
The wall freezes the gnoll but does no damage.
The gnoll barely misses you.
Your Staves skill increases to level 11!
As you read the scroll of summoning, it crumbles to dust.
Wisps of shadow whirl around you...
The wall freezes the yak!
The wall freezes the yak.
The yak gores you!
* * * LOW HITPOINT WARNING * * *
A gnoll comes into view.
It is wielding a +1 whip of electrocution.
The wall freezes the gnoll.
The gnoll completely misses you.
Casting: Freeze (safe; 1% risk of failure)
Confirm with . or Enter, or press ? or * to list all spells.
Aiming: Freeze (safe; 1% risk of failure)
Press: ? - help, Shift-Dir - straight line, f - yak
Aim: a yak (lightly wounded, ally target)
You freeze the yak!
The yak is moderately wounded.
The wall freezes the yak!
The yak gores you!
* * * LOW HITPOINT WARNING * * *
The wall freezes the yak.
The wall freezes the gnoll but does no damage.
The gnoll hits you from afar with a +0 spear!
You die...

, ** #...# #... *
*, * #...# #.## *
#...# #.# * * ,
#...# #.## , ,
###...#####... ,,
, , *
#####........#####
** *
...#........#**
#.####o#...#......
* *
#.o.@YYo........##
*
#.##Y#..........#
,
.ggo.oo...#...#,*
#.)o)##.........#
,
#..####.##......,
#.g ..# #.####
*##. ### .Y.* * .
* .. * * * , , ,


You could see 3 yaks, 3 gnolls, a friendly orc warrior (summoned), a friendly
orc priest (summoned), a friendly orc wizard (summoned) and 4 friendly orcs.

Vanquished Creatures
  Maurice (D:8)
  Psyche (D:8)
  3 yaks (D:8)
  A steam dragon (D:8)
  An acid dragon (D:8)
  A water moccasin (D:6)
  An orc warrior (D:8)
  A centaur (D:6)
  A kobold brigand (D:8)
  2 scorpions
  10 killer bees (D:7)
  A howler monkey (D:5)
  A jelly (D:5)
  2 orc priests
  2 hounds
  A gnoll bouda (D:8)
  An iguana (D:6)
  An orc wizard (D:6)
  5 gnolls
  5 adders
  A shadow imp (D:6)
  An ufetubus (D:5)
  A worm (D:4)
  4 dart slugs
  16 orcs
  5 endoplasms
  4 giant cockroaches
  3 goblins (D:3)
  3 hobgoblins
  3 jackals (D:1)
  6 kobolds
  2 quokkas
  4 ball pythons
  5 bats
  3 frilled lizards
  4 rats
107 creatures vanquished.

Notes
Turn   | Place    | Note
-------+----------+-------------------------------------------
     0 | D:1      | hawla the Meteoran Ice Elementalist began the quest for the
                  | Orb.
     0 | D:1      | Reached XP level 1. HP: 14/14 MP: 5/5
    43 | D:1      | Reached XP level 2. HP: 12/20 MP: 1/6
    74 | D:1      | Reached skill level 5 in Ice Magic
   123 | D:1      | Reached XP level 3. HP: 23/26 MP: 1/8
   191 | D:1      | Found Datep's One-of-a-Kind Rings.
   299 | D:3      | Reached XP level 4. HP: 29/34 MP: 8/10
   733 | D:4      | Learned a level 3 spell: Frozen Ramparts
   749 | D:3      | Reached skill level 1 in Fighting
   749 | D:3      | Reached skill level 1 in Polearms
   749 | D:3      | Reached XP level 5. HP: 27/40 MP: 6/11
   922 | D:4      | Found a staircase to the Ecumenical Temple.
   937 | Temple   | Entered the Ecumenical Temple
  1151 | Temple   | Became a worshipper of Vehumet
  1175 | D:4      | Reached XP level 6. HP: 47/47 MP: 13/13
  1196 | D:5      | Entered Level 5 of the Dungeon
  1283 | D:5      | Learned a level 4 spell: Hailstorm
  1302 | D:5      | Reached skill level 1 in Conjurations
  1318 | D:5      | Reached XP level 7. HP: 43/53 MP: 10/14
  1560 | D:6      | Noticed a water moccasin
  1563 | D:6      | Killed a water moccasin
  1564 | D:6      | Reached skill level 5 in Conjurations
  1580 | D:6      | Reached XP level 8. HP: 56/61 MP: 5/16
  1609 | D:6      | Reached * piety under Vehumet
  1609 | D:6      | Offered knowledge of Foxfire by Vehumet.
  1683 | D:7      | Reached skill level 1 in Staves
  1683 | D:7      | Reached skill level 1 in Evocations
  1686 | D:7      | Reached skill level 2 in Staves
  1706 | D:7      | Reached skill level 3 in Staves
  1711 | D:7      | HP: 3/61 [poisoned by a killer bee]
  1712 | D:7      | Reached skill level 4 in Staves
  1767 | D:8      | Noticed Psyche
  1774 | D:8      | Killed Psyche
  1775 | D:8      | Reached skill level 6 in Staves
  1775 | D:8      | Gained mutation: You passively map the area around you.
                  | [Meteoran growth]
  1775 | D:8      | Reached XP level 9. HP: 27/67 MP: 10/17
  1861 | D:8      | Noticed Maurice
  1910 | D:8      | Killed Maurice
  1911 | D:8      | Reached skill level 8 in Staves
  2008 | D:8      | Reached skill level 9 in Staves
  2155 | D:8      | Offered knowledge of Shock by Vehumet.
  2156 | D:8      | Reached skill level 10 in Staves
  2156 | D:8      | Reached XP level 10. HP: 65/73 MP: 9/18
  2158 | D:8      | Reached ** piety under Vehumet
  2160 | D:8      | Reached skill level 11 in Staves
  2161 | D:8      | Slain by a gnoll

Illustrated notes

Levels and vault maps discovered:
D:1:      eino_arrival_druids_welcome, layout_basic,
          shapermc_ecumenical_altar_flowoftime, nicolae_shop_unique_rings
D:2:      layout_basic, hangedman_abyss_or_decor_lesser_grid,
          cheibrodos_gnoll_hut, uniq_crazy_yiuf_cottage, uniq_sigmund
D:3:      layout_rooms, kennysheep_nondescript
D:4:      layout_gridville, minmay_temple_entry_overgrown, grunt_ministairs_9
D:5:      layout_basic, minivault_25
D:6:      layout_cave_pods, portal_sewer_entry_d, nicolae_elemental_shop,
          st_stairs_3
D:7:      layout_basic, enter_bailey_2, serial_rivers,
          chequers_serial_rivers_small_b, chequers_serial_rivers_micro_c,
          chequers_serial_rivers_room_b, chequers_serial_rivers_micro_a,
          chequers_serial_rivers_small_3, chequers_serial_rivers_micro_d,
          chequers_serial_rivers_micro_c, uniq_prince_ribbit1
D:8:      layout_loops_cross, st_stairs_12, minmay_misc_feat_ornament,
          uniq_maurice, uniq_psyche
D:9:      cheibrodos_statue_roulette, layout_irregular_city,
          david_lair_shrubbed, serial_shops, nicolae_shop_crystal, shop_scrolls,
          uniq_grum, uniq_pikel, uniq_joseph, uniq_erica
Temple:   nicolae_temple_bog_church

Skill      XL: |  1  2  3  4  5  6  7  8  9 10 |
---------------+-------------------------------+-----
Ice Magic      | 5 |  5.9
Spellcasting   | 3 4 |  4.9
Fighting       | 1 2 |  2.0
Polearms       | 1 2 3 |  3.1
Dodging        | 3 |  3.3
Conjurations   | 2 5 |  5.7
Staves         | 6 10 11 | 11.1
Evocations     | 3 |  3.0
Stealth        | |  1.4

Action                   |  1- 3 |  4- 6 |  7- 9 | 10-12 || total
-------------------------+-------+-------+-------+-------++-------
Melee: Unarmed           |    10 |       |       |       ||    10
       Spear             |     4 |    73 |    42 |       ||   119
       Punch             |       |     2 |       |       ||     2
 Cast: Freeze            |    36 |     3 |    24 |     3 ||    66
       Frozen Ramparts   |       |     5 |    18 |       ||    23
       Hailstorm         |       |       |     9 |     2 ||    11
  Use: Potion            |     1 |     1 |     5 |       ||     7
       Scroll            |     3 |     2 |     2 |     1 ||     8
Armor: Robe              |    15 |    18 |    35 |     1 ||    69
       Skin              |       |    11 |       |       ||    11
Dodge: Dodged            |    24 |    39 |    57 |     2 ||   122
